| TOP OF THE 1ST |
|
Columbia Fireflies batting - Pitching for Mississippi Braves : LHP Eduardo Baez
|
|
Pitching: LHP Eduardo Baez
|
|
|
Batting: RHB Mike Phillips
|
0-0: Ball 1-0: SINGLE (Groundball, 6MD, EV 93.8 MPH)
|
|
Batting: RHB Billy Walker
|
0-0: Ball 1-0: Ball 2-0: Foul Ball, location: 2F 2-1: SINGLE (Groundball, 6MD, EV 105.6 MPH) Mike Phillips to second Runner from 2nd tries for 3rd, SAFE, throw by CF made to third
|
|
Batting: RHB Bobby Mabrey
|
0-0: Ball 1-0: Ball Billy Walker is caught stealing 2nd base 2-4 2-0: Ball 3-0: Base on Balls
|
|
Batting: RHB Jeff MacPhee
|
0-0: Fly out, F8 (Flyball, 8RS, EV 86.9 MPH)
|
|
Batting: RHB Seth Daniel
|
0-0: Called Strike 0-1: Ball 1-1: Fielders Choice at 2nd, 6-4 (Groundball, 56, EV 105.0 MPH)
|
| Top of the 1st over - 0 runs, 2 hits, 0 errors, 2 left on base; Columbia 0 - Mississippi 0 |
| BOTTOM OF THE 1ST |
|
Mississippi Braves batting - Pitching for Columbia Fireflies : RHP Ryan Hemmerich
|
|
Pitching: RHP Ryan Hemmerich
|
|
|
Batting: LHB Rodolfo Cano
|
0-0: Ball 1-0: Foul Ball, location: 2F 1-1: Ball 2-1: Foul Ball, location: 2F 2-2: Ball 3-2: Foul Ball, location: 2F 3-2: Ground out 6-3 (Groundball, P, EV 84.4 MPH)
|
|
Batting: LHB Raul Guarjardo
|
0-0: Called Strike 0-1: Fly out, F4 (Popup, 34D, EV 63.1 MPH)
|
|
Batting: RHB Tim Nettles
|
0-0: Ball 1-0: Called Strike 1-1: Foul Ball, location: 2F 1-2: Ball 2-2: Ball 3-2: SINGLE (Line Drive, 89S, EV 110.6 MPH)
|
|
Batting: RHB Jack Power
|
0-0: Ball 1-0: Ball 2-0: Called Strike Tim Nettles steals 2nd base 2-1: Fly out, F6 (Popup, 6MS, EV 86.9 MPH)
|
| Bottom of the 1st over - 0 runs, 1 hit, 0 errors, 1 left on base; Columbia 0 - Mississippi 0 |
| TOP OF THE 2ND |
|
Columbia Fireflies batting - Pitching for Mississippi Braves : LHP Eduardo Baez
|
|
Batting: LHB Roy Riess
|
0-0: Called Strike 0-1: Swinging Strike 0-2: Ground out 4-3 (Groundball, 4S, EV 84.4 MPH)
|
|
Batting: RHB Jose Copado
|
0-0: Fly out, F9 (Flyball, 9, EV 74.4 MPH)
|
|
Batting: LHB Pete DeHart
|
0-0: Ball 1-0: Called Strike 1-1: Called Strike 1-2: Ground out 6-3 (Groundball, 6D, EV 90.6 MPH)
|
| Top of the 2nd over - 0 runs, 0 hits, 0 errors, 0 left on base; Columbia 0 - Mississippi 0 |
| BOTTOM OF THE 2ND |
|
Mississippi Braves batting - Pitching for Columbia Fireflies : RHP Ryan Hemmerich
|
|
Batting: RHB Zach Thomason
|
0-0: Foul Ball, location: 2F 0-1: Ball 1-1: Foul Ball, location: 2F 1-2: Ball 2-2: Strikes out swinging
|
|
Batting: RHB Zachary Sidney
|
0-0: Called Strike 0-1: Ground out 5-3 (Groundball, 56, EV 105.0 MPH)
|
|
Batting: LHB Jon Burgos
|
0-0: Swinging Strike 0-1: Ball 1-1: Foul Ball, location: 2F 1-2: Foul Ball, location: 2F 1-2: Fly out, F8 (Flyball, 78S, EV 91.3 MPH)
|
| Bottom of the 2nd over - 0 runs, 0 hits, 0 errors, 0 left on base; Columbia 0 - Mississippi 0 |
| TOP OF THE 3RD |
|
Columbia Fireflies batting - Pitching for Mississippi Braves : LHP Eduardo Baez
|
|
Batting: RHB Ricky Trejo
|
0-0: SINGLE (Flyball, 6D, EV 90.6 MPH)
|
|
Batting: RHB Mike Phillips
|
0-0: Called Strike 0-1: Ball 1-1: Swinging Strike 1-2: Ball 2-2: Foul Ball, location: 2F 2-2: Ball 3-2: Strikes out swinging
|
|
Batting: RHB Billy Walker
|
0-0: Ball 1-0: Ball 2-0: Called Strike 2-1: Called Strike 2-2: Ground out 5-3 (Groundball, 56S, EV 70.6 MPH) Ricky Trejo to second
|
|
Batting: RHB Bobby Mabrey
|
0-0: Ball 1-0: Ground out 4-3 (Groundball, 4M, EV 84.4 MPH)
|
| Top of the 3rd over - 0 runs, 1 hit, 0 errors, 1 left on base; Columbia 0 - Mississippi 0 |
| BOTTOM OF THE 3RD |
|
Mississippi Braves batting - Pitching for Columbia Fireflies : RHP Ryan Hemmerich
|
|
Batting: SHB Ian Finley
|
0-0: Ball 1-0: Called Strike 1-1: Ball 2-1: Ball 3-1: Called Strike 3-2: Strikes out swinging
|
|
Batting: RHB Angel Guzman
|
0-0: Ball 1-0: Ball 2-0: Ball 3-0: Base on Balls
|
|
Batting: LHB Rodolfo Cano
|
0-0: Called Strike Angel Guzman is caught stealing 2nd base 2-6 0-1: Fly out, F7 (Line Drive, 7, EV 108.1 MPH)
|
| Bottom of the 3rd over - 0 runs, 0 hits, 0 errors, 0 left on base; Columbia 0 - Mississippi 0 |
| TOP OF THE 4TH |
|
Columbia Fireflies batting - Pitching for Mississippi Braves : LHP Eduardo Baez
|
|
Batting: RHB Jeff MacPhee
|
0-0: Ground out 3-1 (Groundball, 34, EV 108.1 MPH)
|
|
Batting: RHB Seth Daniel
|
0-0: Called Strike 0-1: Swinging Strike 0-2: Foul Ball, location: 2F 0-2: Ball 1-2: Ball 2-2: Ball 3-2: Base on Balls
|
|
Batting: LHB Roy Riess
|
0-0: Ball Wild Pitch! Seth Daniel to second 1-0: Ground out 5-3 (Groundball, 56, EV 88.1 MPH)
|
|
Batting: RHB Jose Copado
|
0-0: Foul Ball, location: 2F 0-1: Foul Ball, location: 2F 0-2: Ball 1-2: Strikes out swinging
|
| Top of the 4th over - 0 runs, 0 hits, 0 errors, 1 left on base; Columbia 0 - Mississippi 0 |
| BOTTOM OF THE 4TH |
|
Mississippi Braves batting - Pitching for Columbia Fireflies : RHP Ryan Hemmerich
|
|
Batting: LHB Raul Guarjardo
|
0-0: Swinging Strike 0-1: Ball 1-1: Ball 2-1: Called Strike 2-2: Ground out U3 (Groundball, 3S, EV 80.0 MPH)
|
|
Batting: RHB Tim Nettles
|
0-0: Ball 1-0: Ball 2-0: Foul Ball, location: 2F 2-1: Called Strike 2-2: Foul Ball, location: 2F 2-2: Ball 3-2: Strikes out swinging
|
|
Batting: RHB Jack Power
|
0-0: Ball 1-0: Foul Ball, location: 2F 1-1: Fly out, F8 (Flyball, 8LM, EV 95.0 MPH)
|
| Bottom of the 4th over - 0 runs, 0 hits, 0 errors, 0 left on base; Columbia 0 - Mississippi 0 |
| TOP OF THE 5TH |
|
Columbia Fireflies batting - Pitching for Mississippi Braves : LHP Eduardo Baez
|
|
Batting: LHB Pete DeHart
|
0-0: Ball 1-0: Foul Ball, location: 2F 1-1: Fly out, F9 (Flyball, 89M, EV 91.9 MPH)
|
|
Batting: RHB Ricky Trejo
|
0-0: Ball 1-0: Ball 2-0: Ground out 5-3 (Groundball, 56, EV 101.9 MPH)
|
|
Batting: RHB Mike Phillips
|
0-0: Ball 1-0: Called Strike 1-1: Ball 2-1: Fly out, F8 (Flyball, 78S, EV 78.8 MPH)
|
| Top of the 5th over - 0 runs, 0 hits, 0 errors, 0 left on base; Columbia 0 - Mississippi 0 |
| BOTTOM OF THE 5TH |
|
Mississippi Braves batting - Pitching for Columbia Fireflies : RHP Ryan Hemmerich
|
|
Batting: RHB Zach Thomason
|
0-0: Ball 1-0: Ball 2-0: Swinging Strike 2-1: Swinging Strike 2-2: Strikes out swinging
|
|
Batting: RHB Zachary Sidney
|
0-0: Ball 1-0: Foul Ball, location: 2F 1-1: Called Strike 1-2: Foul Ball, location: 2F 1-2: Ball 2-2: Strikes out swinging
|
|
Batting: LHB Jon Burgos
|
0-0: Foul Ball, location: 2F 0-1: Hit by Pitch
|
|
Batting: SHB Ian Finley
|
0-0: Ball 1-0: Swinging Strike 1-1: Ball 2-1: Swinging Strike 2-2: Ball 3-2: Strikes out swinging
|
| Bottom of the 5th over - 0 runs, 0 hits, 0 errors, 1 left on base; Columbia 0 - Mississippi 0 |
| TOP OF THE 6TH |
|
Columbia Fireflies batting - Pitching for Mississippi Braves : LHP Eduardo Baez
|
|
Batting: RHB Billy Walker
|
0-0: Swinging Strike 0-1: Foul Ball, location: 2F 0-2: Ball 1-2: Ball 2-2: Fly out, F7 (Flyball, 7D, EV 83.1 MPH)
|
|
Batting: RHB Bobby Mabrey
|
0-0: Foul Ball, location: 2F 0-1: Ball 1-1: Fly out, F7 (Flyball, 7D, EV 95.6 MPH)
|
|
Batting: RHB Jeff MacPhee
|
0-0: Ball 1-0: Called Strike 1-1: Ball 2-1: Ball 3-1: Foul Ball, location: 2F 3-2: Strikes out looking
|
| Top of the 6th over - 0 runs, 0 hits, 0 errors, 0 left on base; Columbia 0 - Mississippi 0 |
| BOTTOM OF THE 6TH |
|
Mississippi Braves batting - Pitching for Columbia Fireflies : RHP Ryan Hemmerich
|
|
Batting: RHB Angel Guzman
|
0-0: Foul Ball, location: 2F 0-1: Foul Ball, location: 2F 0-2: Ball 1-2: Ball 2-2: Ball 3-2: Foul Ball, location: 2F 3-2: Strikes out swinging
|
|
Batting: LHB Rodolfo Cano
|
0-0: Called Strike 0-1: Ball 1-1: SINGLE (Flyball, 8LS, EV 86.3 MPH)
|
|
Batting: LHB Raul Guarjardo
|
0-0: Ball 1-0: Ground out 6-3 (Groundball, 6, EV 99.4 MPH) Rodolfo Cano to second
|
|
Batting: RHB Tim Nettles
|
0-0: Foul Ball, location: 2F 0-1: Ball 1-1: Swinging Strike 1-2: Foul Ball, location: 2F 1-2: Ball 2-2: Foul Ball, location: 2F 2-2: Fly out, F4 (Popup, 34S, EV 80.6 MPH)
|
| Bottom of the 6th over - 0 runs, 1 hit, 0 errors, 1 left on base; Columbia 0 - Mississippi 0 |
| TOP OF THE 7TH |
|
Columbia Fireflies batting - Pitching for Mississippi Braves : LHP Eduardo Baez
|
|
Batting: RHB Seth Daniel
|
0-0: Ball 1-0: Ball 2-0: Called Strike 2-1: Ball 3-1: Swinging Strike 3-2: Foul Ball, location: 2F 3-2: Strikes out looking
|
|
Batting: LHB Roy Riess
|
0-0: Called Strike 0-1: Swinging Strike 0-2: Ball 1-2: Ball 2-2: Fly out, F2 (Popup, 2LF, EV 88.1 MPH)
|
|
Batting: RHB Jose Copado
|
0-0: Ball 1-0: Ball 2-0: Ball 3-0: Base on Balls
|
|
Batting: LHB Pete DeHart
|
0-0: Ball 1-0: Ball 2-0: Ball 3-0: Base on Balls Jose Copado to second
|
|
Batting: RHB Ricky Trejo
|
0-0: Called Strike 0-1: Swinging Strike 0-2: Ball 1-2: Strikes out looking
|
| Top of the 7th over - 0 runs, 0 hits, 0 errors, 2 left on base; Columbia 0 - Mississippi 0 |
| BOTTOM OF THE 7TH |
|
Mississippi Braves batting - Pitching for Columbia Fireflies : RHP Ryan Hemmerich
|
|
Batting: RHB Jack Power
|
0-0: Called Strike 0-1: Fly out, F8 (Flyball, 8RM, EV 93.8 MPH)
|
|
Pitching: RHP Austin Kuhn
|
|
|
Batting: RHB Zach Thomason
|
0-0: Ball 1-0: Foul Ball, location: 2F 1-1: Swinging Strike 1-2: Strikes out swinging
|
|
Batting: RHB Zachary Sidney
|
0-0: Fly out, F8 (Line Drive, 8LD, EV 99.4 MPH)
|
| Bottom of the 7th over - 0 runs, 0 hits, 0 errors, 0 left on base; Columbia 0 - Mississippi 0 |
| TOP OF THE 8TH |
|
Columbia Fireflies batting - Pitching for Mississippi Braves : LHP Eduardo Baez
|
|
Pitching: RHP Nate Davis
|
|
|
Batting: RHB Mike Phillips
|
0-0: Ball 1-0: Ball 2-0: Ball 3-0: Foul Ball, location: 2F 3-1: DOUBLE (Line Drive, 89M, EV 101.3 MPH)
|
|
Batting: RHB Billy Walker
|
0-0: Called Strike 0-1: Foul Ball, location: 2F 0-2: Ball 1-2: SINGLE (Line Drive, 6MD, EV 99.4 MPH) Mike Phillips to third
|
|
Batting: LHB Roy Blonski
|
0-0: Swinging Strike 0-1: Ball 1-1: Swinging Strike 1-2: Reached on error, E5 (Groundball, 56, EV 85.6 MPH) Mike Phillips scores Billy Walker to second
|
|
Batting: RHB Jeff MacPhee
|
0-0: Ball 1-0: Called Strike 1-1: Ball 2-1: Foul Ball, location: 2F 2-2: Strikes out swinging
|
|
Batting: RHB Seth Daniel
|
0-0: Called Strike 0-1: Ball 1-1: SINGLE (Flyball, 6D, EV 91.9 MPH) Billy Walker to third Roy Blonski to second
|
|
Pitching: RHP Danny Nerio
|
|
|
Batting: LHB Roy Riess
|
0-0: Ball 1-0: Ball 2-0: Foul Ball, location: 2F 2-1: Ball 3-1: Foul Ball, location: 2F 3-2: Base on Balls Billy Walker scores Roy Blonski to third Seth Daniel to second
|
|
Batting: RHB Jose Copado
|
0-0: Ball 1-0: Called Strike 1-1: Foul Ball, location: 2F 1-2: Strikes out swinging
|
|
Batting: LHB Pete DeHart
|
0-0: Foul Ball, location: 2F 0-1: Foul Ball, location: 2F 0-2: Foul Ball, location: 2F 0-2: Ball 1-2: Strikes out looking
|
| Top of the 8th over - 2 runs, 3 hits, 1 error, 3 left on base; Columbia 2 - Mississippi 0 |
| BOTTOM OF THE 8TH |
|
Mississippi Braves batting - Pitching for Columbia Fireflies : RHP Austin Kuhn
|
|
Batting: LHB Jon Burgos
|
0-0: Foul Ball, location: 2F 0-1: Foul Ball, location: 2F 0-2: Strikes out looking
|
|
Batting: SHB Ian Finley
|
0-0: Ball 1-0: Ball 2-0: Called Strike 2-1: Foul Ball, location: 2F 2-2: Strikes out swinging
|
|
Batting: RHB Angel Guzman
|
0-0: Ball 1-0: Foul Ball, location: 2F 1-1: Called Strike 1-2: SINGLE (Groundball, 6MS, EV 68.8 MPH) (infield hit)
|
|
Batting: LHB Rodolfo Cano
|
0-0: Called Strike 0-1: Called Strike 0-2: Strikes out swinging
|
| Bottom of the 8th over - 0 runs, 1 hit, 0 errors, 1 left on base; Columbia 2 - Mississippi 0 |
| TOP OF THE 9TH |
|
Columbia Fireflies batting - Pitching for Mississippi Braves : RHP Danny Nerio
|
|
Pitching: RHP Scott Bentley
|
|
|
Batting: RHB Ricky Trejo
|
0-0: Foul Ball, location: 2F 0-1: Ball 1-1: Called Strike 1-2: Foul Ball, location: 2F 1-2: Strikes out looking
|
|
Batting: RHB Mike Phillips
|
0-0: Swinging Strike 0-1: Ball 1-1: Foul Ball, location: 2F 1-2: Ball 2-2: Strikes out swinging
|
|
Batting: RHB Billy Walker
|
0-0: Ball 1-0: Swinging Strike 1-1: Foul Ball, location: 2F 1-2: Foul Ball, location: 2F 1-2: Foul Ball, location: 2F 1-2: Hit by Pitch
|
|
Batting: LHB Roy Blonski
|
0-0: Ball 1-0: Foul Ball, location: 2F 1-1: SINGLE (Line Drive, 9LM, EV 100.0 MPH) Billy Walker to second
|
|
Batting: RHB Jeff MacPhee
|
0-0: Ball 1-0: Ball Wild Pitch! Billy Walker to third Roy Blonski to second 2-0: Ball 3-0: Called Strike 3-1: SINGLE (Line Drive, 89S, EV 107.5 MPH) Billy Walker scores Roy Blonski to third Runner from 3rd tries for Home, SAFE, throw by RF to home Jeff MacPhee to second
|
|
Batting: RHB Seth Daniel
|
0-0: Called Strike 0-1: Called Strike 0-2: Ball 1-2: Ball 2-2: Ball 3-2: DOUBLE (Line Drive, 78D, EV 103.8 MPH) Jeff MacPhee scores
|
|
Pitching: RHP Toru Yoshikawa
|
|
|
Batting: LHB Roy Riess
|
0-0: Ball 1-0: Swinging Strike 1-1: Ball 2-1: Called Strike 2-2: Ball 3-2: Ground out 6-3 (Groundball, 4M, EV 84.4 MPH)
|
| Top of the 9th over - 3 runs, 3 hits, 0 errors, 1 left on base; Columbia 5 - Mississippi 0 |
| BOTTOM OF THE 9TH |
|
Mississippi Braves batting - Pitching for Columbia Fireflies : RHP Austin Kuhn
|
|
Batting: LHB Raul Guarjardo
|
0-0: Ball 1-0: Foul Ball, location: 2F 1-1: Foul Ball, location: 2F 1-2: Ball 2-2: Ball 3-2: DOUBLE (Flyball, 78D, EV 109.4 MPH)
|
|
Batting: RHB Tim Nettles
|
0-0: Foul Ball, location: 2F 0-1: Ball 1-1: Ball 2-1: Called Strike 2-2: Foul Ball, location: 2F 2-2: Foul Ball, location: 2F 2-2: Ball 3-2: SINGLE (Flyball, 89S, EV 86.3 MPH) Raul Guarjardo to third
|
|
Batting: RHB Jack Power
|
0-0: Called Strike 0-1: Ball 1-1: Called Strike 1-2: Grounds into double play, 6-4-3 (Groundball, 56, EV 95.0 MPH) Raul Guarjardo scores
|
|
Batting: RHB Zach Thomason
|
0-0: Swinging Strike 0-1: Ball 1-1: Ball 2-1: Foul Ball, location: 2F 2-2: Strikes out swinging
|
| Bottom of the 9th over - 1 run, 2 hits, 0 errors, 0 left on base; Columbia 5 - Mississippi 1 |
|